 Dungeon Crawl Stone Soup version 0.26.0-16-gc1dbca0489 (webtiles) character file.

Game seed: 13025898406623602273

39 Sarudalf the Magician (level 3, 0/26 HPs)
             Began as a Draconian Hedge Wizard on Jan 21, 2021.
             Slain by a worker ant (2 damage)
             ... on level 2 of the Dungeon.
             The game lasted 00:12:56 (1771 turns).

Sarudalf the Magician (Draconian Hedge Wizard)      Turns: 1771, Time: 00:12:56

Health: 0/26       AC:  6    Str: 12    XL:     3   Next: 28%
Magic:  0/7        EV: 12    Int: 15    God:
Gold:   71         SH:  0    Dex: 10    Spells: 7/8 levels left

rFire    . . .     SeeInvis .   a - +0 dagger
rCold    . . .     Faith    .   (no shield)
rNeg     . . .     Spirit   .   (armour unavailable)
rPois    .         Reflect  .   b - +0 hat
rElec    .         Harm     .   (no cloak)
rCorr    .         Rampage  .   (no gloves)
Will     .....                  d - +0 pair of boots
Stlth    ++........             (no amulet)
HPRegen  0.08/turn              (no ring)
MPRegen  0.10/turn              (no ring)

@: very slightly contaminated
A: unfitting armour, cold-blooded, AC +5
a: no special abilities


You were on level 2 of the Dungeon.
You visited 1 branch of the dungeon, and saw 2 of its levels.

You collected 71 gold pieces.

Inventory:

Hand Weapons
 a - a +0 dagger (weapon)
 l - a +0 hunting sling
Missiles
 k - 16 sling bullets
Armour
 b - a +0 hat (worn)
 d - a +0 pair of boots (worn)
Scrolls
 c - a scroll of amnesia {unknown}
 e - 2 scrolls of teleportation {unknown}
 f - 8 scrolls of identify {unknown}
 h - a scroll of remove curse {unknown}
 m - a scroll of noise {unknown}
 n - a scroll of magic mapping {unknown}
 p - a scroll of enchant armour {unknown}
Potions
 g - a potion of lignification {unknown}
 j - a potion of magic {unknown}
 o - a potion of brilliance {unknown}


   Skills:
 - Level 2.0 Dodging
 - Level 3.0 Stealth
 - Level 3.0 Spellcasting
 + Level 2.0 Conjurations
 - Level 1.0 Summonings
 - Level 1.0 Translocations


You had 7 spell levels left.
You knew the following spells:

 Your Spells              Type           Power        Failure   Level
a - Magic Dart            Conj           32%          9%          1

Your spell library contained the following spells:

 Spells                   Type           Power        Failure   Level
 Blink                    Tloc           N/A          21%         2
 Call Imp                 Summ           5%           21%         2
 Slow                     Hex            2%           30%         2
 Conjure Flame            Conj/Fire      5%           36%         3
 Mephitic Cloud           Conj/Pois/Air  4%           41%         3


Dungeon Overview and Level Annotations

Branches:
Dungeon (2/15)

Altars:


Innate Abilities, Weirdness & Mutations

Your plain brown scales are hard. (AC +5)
You cannot fit into any form of body armour.
You are cold-blooded and may be slowed by cold attacks.


Message History

The worker ant is heavily wounded.
The worker ant barely misses you.
You are too injured to fight recklessly!
Casting: Magic Dart (safe; 9% risk of failure)
Confirm with . or Enter, or press ? or * to list all spells.
Aiming: Magic Dart (safe; 9% risk of failure)
Press: ? - help, Shift-Dir - straight line, f/p - worker ant
Aim: a worker ant (heavily wounded, 0% to evade)
You miscast Magic Dart.
You are very lightly contaminated with residual magic.
Nothing appears to happen.
The worker ant bites you.
* * * LOW HITPOINT WARNING * * *
The worker ant barely misses you.
Unknown command.
Unknown command.
Unknown command.
You hit the worker ant but do no damage.
The worker ant is heavily wounded.
The worker ant bites you.
You die...

##. #.# #.. #.# #..
#.# #.. #.#
#######. #.#
#...>... #.#
#.###### #B#
#.###### #@#
#.......
#.#########.######
#...........#
###....####.#
####.##.####.###
#...#.........(####
#.##.##............
#.##.#######...(...
#.##.# #...##.#


You could see a worker ant.

Vanquished Creatures
  An adder (D:2)
  A dart slug (D:1)
  A leopard gecko (D:2)
  3 bats (D:1)
  A giant cockroach (D:1)
  5 goblins
  4 hobgoblins
  A ball python (D:2)
  A frilled lizard (D:2)
  2 kobolds (D:1)
  7 rats (D:1)
27 creatures vanquished.

Notes
Turn   | Place    | Note
-------+----------+-------------------------------------------
     0 | D:1      | Sarudalf the Draconian Hedge Wizard began the quest for the
                  | Orb.
     0 | D:1      | Reached XP level 1. HP: 14/14 MP: 4/4
   320 | D:1      | Reached XP level 2. HP: 16/20 MP: 1/6
  1029 | D:2      | Found a faded altar of an unknown god.
  1221 | D:2      | Reached XP level 3. HP: 25/26 MP: 1/7
  1771 | D:2      | Slain by a worker ant

Illustrated notes

Levels and vault maps discovered:
D:1:      dpeg_arrival_round_b, layout_basic, serial_corexii_hall,
          corexii_hall_statues_i, corexii_hall_statues_l
D:2:      minmay_chambers_of_ones, layout_loops_ring,
          chequers_ecumenical_altar_simple, uniq_robin

Skill      XL: |  1  2  3 |
---------------+----------+-----
Stealth        | 2 3 |  3.0
Dodging        | 2 |  2.0
Conjurations   | 2 |  2.0
Spellcasting   | |  3.0
Summonings     | |  1.0
Translocations | |  1.0

Action                   || total
-------------------------++-------
Melee: Dagger            ||    59
       Tailslap          ||     3
 Cast: Magic Dart        ||    58
  Use: Potion            ||     2
 Stab: Sleeping          ||     2
Armor: Skin              ||    18
Dodge: Dodged            ||    46
